[Event "Betsys MČR v online bleskovém šachu 2021"]
[Site "Chess.com"]
[Date "2021.04.17"]
[Round "1"]
[White "Klapuch05"]
[Black "karimaster100"]
[Result "0-1"]
[WhiteElo "1534"]
[BlackElo "2184"]
[TimeControl "180+1"]
[EndTime "9:08:28 PDT"]
[Termination "Uživatel karimaster100 zvítězil po vzdání soupeře"]

1. e4 c5 2. Nf3 d6 3. d4 cxd4 4. Nxd4 Nf6 5. Nc3 a6 6. Be2 e6 7.
Be3 Be7 8. Qd2 b5 9. a3 Bb7 10. f3 Nbd7 11. O-O-O Rc8 12. g4 Nb6 13. g5 Nfd7 14.
h4 Ne5 15. Rdg1 Nbc4 16. Bxc4 Nxc4 17. Qe2 Qc7 18. h5 Nxb2 19. Ndxb5 axb5 20. Qxb5+ Bc6 21.
Qxb2 Kd7 22. g6 hxg6 23. hxg6 Rxh1 24. Rxh1 Rb8 25. Qa1 fxg6 26. Rg1 Bf6 27. Rxg6 Ba8 28. Rxf6 gxf6 29. Na4 Qc4 30. Nb6+ Rxb6 31. Bxb6 Qf1+ 32.
Kb2 Qxf3 33. Qg1 Kc6 34. Bd4 e5 35. Ba7 Qxe4 36. Qb6+ Kd7 37. Qb5+ Bc6 38. Qb8 Qd5 39. Bb6 Qb5+ 40. Kc1 Ke6 41. Qc8+ Kd5 42. Qg8+ Ke4 43.
Qg4+ Kd5 44. Qf3+ Ke6 45. Qg4+ Kf7 46. Qh5+ Ke7 47. Qh7+ Ke6 48. Qg8+ Kf5 49. Qh7+ Kf4 50. Qh4+ Kf5 51. Qh5+ Ke6 52. Qe8+ Bxe8 0-1

[Event "Betsys MČR v online bleskovém šachu 2021"]
[Site "Chess.com"]
[Date "2021.04.17"]
[Round "1"]
[White "Michelangelo111"]
[Black "jankrelina07"]
[Result "1-0"]
[WhiteElo "2126"]
[BlackElo "1472"]
[TimeControl "180+1"]
[EndTime "9:08:31 PDT"]
[Termination "Uživatel Michelangelo111 zvítězil na čas"]

1. Nf3 Nc6 2. g3 d6 3. d4 g6 4.
Bg2 Bg7 5. O-O Nf6 6. c4 O-O 7. Nc3 Rb8 8. e4 Re8 9. h3 a6 10. d5 Ne5 11. Nxe5 dxe5 12. Be3 b6 13. Qe2 e6 14.
Rfd1 Qe7 15. a3 exd5 16. cxd5 Bb7 17. Rac1 Red8 18. b4 Ba8 19. Rc2 c6 20. Rcd2 cxd5 21. exd5 Qd6 22. Bg5 Rd7 23. Bxf6 Bxf6 24. Ne4 Qe7 25. d6 Qd8 26. Nxf6+ Qxf6 27. Bxa8 Rxa8 28. Qe4 Rad8 29. Qc6 a5 30. b5 Qe6 31. Qxb6 a4 32.
Qc6 h5 33. h4 Qb3 34. Rd3 Qb2 35. b6 Kg7 36. Rd5 Qb3 37. R1d3 Qb1+ 38. Kg2 e4 39. Re3 Kh7 40. Rd4 Qb2 41. Rexe4 Qxa3 42. Rf4 1-0

[Event "Betsys MČR v online bleskovém šachu 2021"]
[Site "Chess.com"]
[Date "2021.04.17"]
[Round "1"]
[White "Loveforever_Pepi"]
[Black "masodj"]
[Result "0-1"]
[WhiteElo "2303"]
[BlackElo "1738"]
[TimeControl "180+1"]
[EndTime "9:08:33 PDT"]
[Termination "Uživatel masodj zvítězil na čas"]

1. e4 c5 2. d4 cxd4 3. c3 d3 4. Bxd3 Nc6 5. Nf3 d6 6. h3 Nf6 7. O-O g6 8. Qe2 Bg7 9. Rd1 O-O 10. Bf4 Bd7 11. Nbd2 Rc8 12. Nf1 a6 13. a4 Qb6 14.
Ne3 Rfe8 15. Nc4 Qd8 16. Be3 Qc7 17. Bb6 Qb8 18. Ne3 Be6 19. Nd4 Nxd4 20. Bxd4 Nh5 21. Qf3 Bxd4 22. cxd4 Ng7 23. a5 Bb3 24. Rd2 Rc7 25.
Bf1 Rec8 26. d5 Qa7 27. Ra3 Bc2 28. Rc3 Rxc3 29. bxc3 Ba4 30. Nc4 Bb5 31. Nb6 Rc7 32.
c4 Be8 33. Qe3 Qb8 34. g3 h6 35. h4 Kh7 36. Be2 Qd8 37. Kh2 h5 38. Qd4 Kg8 39. Bf3 Bd7 40. Rb2 Rc5 41. Qd2 Bc8 42.
Bg2 Ne8 43. Bf1 Nf6 44. Bd3 Nd7 45. Nxd7 Qxd7 46. Rb6 Qc7 47. Qg5 Kg7 0-1

[Event "Betsys MČR v online bleskovém šachu 2021"]
[Site "Chess.com"]
[Date "2021.04.17"]
[Round "1"]
[White "prosinec"]
[Black "KJ327NR"]
[Result "0-1"]
[WhiteElo "1723"]
[BlackElo "2363"]
[TimeControl "180+1"]
[EndTime "9:08:37 PDT"]
[Termination "Uživatel KJ327NR zvítězil po vzdání soupeře"]

1. Nf3 Nf6 2. c4 g6 3. g3 Bg7 4. Bg2 O-O 5. Nc3 d6 6. O-O c6 7.
d4 Bf5 8. Re1 Ne4 9. Nh4 Nxc3 10. bxc3 Be6 11. Qd3 d5 12. cxd5 cxd5 13. e4 dxe4 14.
Bxe4 Nc6 15. Be3 Bd5 16. Rab1 Bxe4 17. Qxe4 Qd7 18. Bf4 e6 19. Nf3 Rac8 20. Rec1 Rfd8 21. Ne5 Nxe5 22. Bxe5 b6 23. Bxg7 Kxg7 24. Qe5+ Kg8 25.
Qe4 Qd5 26. Qxd5 Rxd5 27. Kf1 Ra5 28. Rb2 Kf8 29. Ke2 Ke7 30. Kd3 Ra3 31. Rbc2 Kd6 32. Ke4 b5 33. Kd3 Rc4 34. Rb2 a6 35. Rcc2 Kd5 36.
Rb3 Rca4 37. Rxa3 Rxa3 38. Rb2 Kc6 39. Rc2 a5 40. Rb2 b4 41. Rb3 Rxa2 42. cxb4 axb4 43. Ke3 Kb5 44. Kf3 Kc4 45. Rb1 b3 46. Rc1+ Kd3 47.
Rb1 b2 48. Re1 Ra1 49. Re3+ Kc4 0-1

[Event "Betsys MČR v online bleskovém šachu 2021"]
[Site "Chess.com"]
[Date "2021.04.17"]
[Round "1"]
[White "sodikus"]
[Black "Lisak007"]
[Result "0-1"]
[WhiteElo "2305"]
[BlackElo "1791"]
[TimeControl "180+1"]
[EndTime "9:08:39 PDT"]
[Termination "Uživatel Lisak007 zvítězil na čas"]

1. c4 Nf6 2. Nc3 d6 3. d4 g6 4. g3 Bg7 5. Bg2 O-O 6. Nf3 Nbd7 7. O-O e5 8. dxe5 Nxe5 9. Nxe5 dxe5 10. Qc2 c6 11. Rd1 Qe7 12. b3 Bf5 13. e4 Bg4 14. f3 Be6 15. Be3 b6 16. Rd2 Rad8 17. Rad1 Nh5 18.
Na4 c5 19. Nc3 f5 20. exf5 gxf5 21. Nd5 Bxd5 22. Rxd5 f4 23. Bf2 Qg5 24. h4 Qe7 25.
g4 Nf6 26. Rxd8 Rxd8 27. g5 Ne8 28. Bh3 Nc7 29. Rd3 Rxd3 30. Qxd3 Bf8 31. Qf5 Kg7 32. h5 Ne8 33. h6+ Kg8 34. Bh4 Nd6 35.
Qe6+ Kh8 36. Kg2 e4 37. fxe4 Nxe4 38. Qxe7 Bxe7 39. Kf3 Nxg5+ 40. Bxg5 Bxg5 41. Be6 Bxh6 42. a4 Kg7 43. Kg4 Kf6 44. Bf5 Bg5 45. Bxh7 Bh6 46. Be4 Ke5 47. Kf3 Bg5 48. Bc6 Bh4 49. Be8 a5 50. Bg6 Bg3 51. Bc2 Kd4 0-1

[Event "Betsys MČR v online bleskovém šachu 2021"]
[Site "Chess.com"]
[Date "2021.04.17"]
[Round "1"]
[White "PaulS_CR"]
[Black "Joanna23W"]
[Result "1-0"]
[WhiteElo "1834"]
[BlackElo "2683"]
[TimeControl "180+1"]
[EndTime "9:08:43 PDT"]
[Termination "Uživatel PaulS_CR zvítězil na čas"]

1. Nf3 Nf6 2. e3 d5 3. c4 e6 4.
b3 Be7 5. Bb2 O-O 6. Nc3 c5 7.
cxd5 Nxd5 8. Nxd5 exd5 9. d4 cxd4 10. Qxd4 Nc6 11. Qd2 Bg4 12. Be2 Bb4 13. Bc3 Bxc3 14. Qxc3 Rc8 15. O-O Re8 16. Rfe1 h6 17. Qd2 Qd6 18.
Nd4 Bxe2 19. Nxe2 Ne5 20. h3 Ng6 21. Ng3 Rc5 22. Rad1 Qc6 23. Nf5 Re5 24. Nd4 Qf6 25. Rc1 b6 26. b4 Rc4 27. b5 Nh4 28. Rxc4 dxc4 29. Qd1 Qg6 30. g3 Rg5 31. Kh2 Nf5 32. Nf3 Rxg3 33. fxg3 Qxg3+ 34. Kh1 Qxh3+ 35. Kg1 Qg3+ 36. Kh1 Qf2 37. Rg1 Ng3+ 38. Rxg3 Qxg3 39. Qe2 Qh3+ 40.
Nh2 Qe6 41. Qd2 Qe4+ 42. Kg1 Qb1+ 43. Kf2 Qxb5 44. Qd8+ Kh7 45. Qd4 f6 46. Nf3 Qa4 47.
Qe4+ Kg8 48. Qd5+ Kf8 49. Nd4 Qxa2+ 50. Kf3 Qa4 51. Qd8+ Kf7 52. Qd7+ 1-0

[Event "Betsys MČR v online bleskovém šachu 2021"]
[Site "Chess.com"]
[Date "2021.04.17"]
[Round "1"]
[White "petiva3"]
[Black "Eliska0107"]
[Result "1-0"]
[WhiteElo "1348"]
[BlackElo "2016"]
[TimeControl "180+1"]
[EndTime "9:08:43 PDT"]
[Termination "Uživatel petiva3 zvítězil na čas"]

1. e4 d6 2. Nf3 g6 3. d4 Bg7 4. Be3 c6 5. Bd3 Nd7 6. O-O e5 7. dxe5 dxe5 8. Nc3 Qe7 9. Qd2 h6 10. Rfe1 Ngf6 11. Rad1 Ng4 12. h3 Nxe3 13. Qxe3 O-O 14. Ne2 Nc5 15. Ng3 Be6 16. a3 a5 17. Rd2 a4 18. Red1 b5 19. Rb1 Rfd8 20. Rbd1 Rdc8 21. Be2 Kh7 22. Kh2 Bf6 23. Qc3 Nd7 24. Rd6 Nb6 25.
Rxc6 Nc4 26. Rxc8 Rxc8 27. Bxc4 Bxc4 28. Qe3 Rc7 29. Qd2 Be6 30. Qd6 Qxd6 31. Rxd6 Rxc2 32. Rd2 Rxd2 33. Nxd2 Be7 34. Ne2 b4 35. axb4 Bxb4 36. Nb1 f5 37. exf5 gxf5 38. Na3 Kg6 39. Kg3 Kf6 40.
h4 Bd5 41. Nc3 Bc6 42. f3 Ke6 43. h5 Kd6 44. Kh4 Kc5 45. g4 fxg4 46. fxg4 Bxa3 47. bxa3 Kc4 48. Nb1 e4 49. Kg3 Kd3 50. Kf2 e3+ 51.
Ke1 1-0

[Event "Betsys MČR v online bleskovém šachu 2021"]
[Site "Chess.com"]
[Date "2021.04.17"]
[Round "1"]
[White "viklan"]
[Black "hever99"]
[Result "1/2-1/2"]
[WhiteElo "1574"]
[BlackElo "2171"]
[TimeControl "180+1"]
[EndTime "9:08:44 PDT"]
[Termination "Remíza patem"]

1. d4 Nf6 2. c4 g6 3. Nf3 Bg7 4. g3 c6 5. Bg2 d5 6. O-O O-O 7. b3 Bf5 8. Bb2 Nbd7 9. Nc3 dxc4 10. bxc4 Nb6 11. Ne5 Ng4 12. Nxg4 Bxg4 13. c5 Nc4 14. Qb3 Nxb2 15. Qxb2 Qxd4 16. Rac1 Qxc5 17. Qxb7 Bxc3 18.
Qb3 Bxe2 19. Rxc3 Qb5 20. Rfc1 Qxb3 21. axb3 Rab8 22. Bxc6 Bg4 23. f3 Be6 24. Ba4 Rb7 25. Rc7 Rfb8 26. Kf2 Bxb3 27. Bxb3 Rxb3 28. Rxe7 Rb2+ 29.
Ke3 R8b7 30. Rcc7 Rxc7 31. Rxc7 a5 32. Ra7 Ra2 33. h4 Ra3+ 34. Kf4 a4 35. g4 h6 36. g5 h5 37. Ke4 Kg7 38. f4 Rh3 39. Rxa4 Rxh4 40. Ra7 Rg4 41. Kf3 Rg1 42. Kf2 Rd1 43. Kf3 Rd6 44. Rb7 Re6 45. Rb8 Re7 46. Rb6 Re6 47. Rb5 f6 48. f5 gxf5 49. Rxf5 fxg5 50.
Rxg5+ Kh6 51. Rb5 Rg6 52. Rb2 h4 53. Rg2 Rxg2 54. Kxg2 Kh5 55. Kh3 Kg5 56. Kh2 Kg4 57.
Kg2 h3+ 58. Kh2 Kh4 59. Kh1 Kg3 60. Kg1 h2+ 61. Kh1 Kh3 1/2-1/2

[Event "Betsys MČR v online bleskovém šachu 2021"]
[Site "Chess.com"]
[Date "2021.04.17"]
[Round "1"]
[White "Alesbar"]
[Black "Pantata007"]
[Result "0-1"]
[WhiteElo "1636"]
[BlackElo "2268"]
[TimeControl "180+1"]
[EndTime "9:09:00 PDT"]
[Termination "Uživatel Pantata007 zvítězil na čas"]

1. Nf3 d5 2. g3 Nf6 3. Bg2 c6 4. O-O Bg4 5. d4 e6 6. Nbd2 Nbd7 7. c4 Be7 8. c5 b6 9. b4 a5 10. bxa5 bxc5 11. dxc5 Bxc5 12. Nb3 Bd6 13. Bb2 O-O 14. Rc1 c5 15. h3 Bxf3 16. Bxf3 c4 17. Nd4 Qxa5 18. Nc6 Qxa2 19. Bxf6 Nxf6 20. Nd4 Rfc8 21. Rc2 Qa4 22. Qd2 h6 23. e3 Bb4 24. Qc1 c3 25.
Ne2 Rc5 26. Nxc3 Qc6 27. Nxd5 exd5 28. Rxc5 Qxc5 29. Qxc5 Bxc5 30. Rd1 Rd8 31. Kf1 Kf8 32. Ke2 Ke7 33. Kd3 Ke6 34. Rc1 Rc8 35. Rc2 Rc7 36. Ra2 Ra7 37. Rc2 Ra3+ 38. Ke2 Kd6 39. g4 g5 40. Bg2 Ne4 41. Bxe4 dxe4 42. Rd2+ Ke6 43. Rc2 Bd6 44. Rc6 Ra2+ 45. Kf1 Kd5 46. Rc8 Ke6 47. Rh8 f6 48. Rxh6 Ra7 49. Rh8 Rd7 50.
Re8+ Be7 51. Kg2 Rd8 52. Rxd8 Bxd8 53. f3 exf3+ 54. Kxf3 Ke5 0-1

[Event "Betsys MČR v online bleskovém šachu 2021"]
[Site "Chess.com"]
[Date "2021.04.17"]
[Round "1"]
[White "phil3"]
[Black "pepca"]
[Result "1-0"]
[WhiteElo "2170"]
[BlackElo "1511"]
[TimeControl "180+1"]
[EndTime "9:09:00 PDT"]
[Termination "Uživatel phil3 zvítězil na čas"]

1. e4 e5 2. Nf3 Nc6 3. Nc3 Nf6 4. d4 exd4 5. Nxd4 Nxd4 6. Qxd4 c5 7. Qd3 d6 8. Be2 Be6 9. a4 Be7 10. O-O O-O 11. f4 c4 12. Qd1 d5 13. e5 Ne8 14. Bf3 Nc7 15. Be3 f6 16. Bd4 fxe5 17. fxe5 Bf7 18. Qe2 Ne6 19. Bf2 Nf4 20. Qd2 Be6 21.
Be3 Ng6 22. Bd4 Bg5 23. Qe1 Qd7 24. Rd1 Rf7 25. Bh5 Rxf1+ 26. Qxf1 Ne7 27. Bf3 Nf5 28. Kh1 Be3 29. Nb5 a6 30. Qe2 axb5 31. Bxe3 d4 32. Bf4 bxa4 33. Qe4 Rb8 34. g4 Nh4 35. Rxd4 Qc8 36. c3 Nxf3 37. Qxf3 Bxg4 38. Qd5+ Be6 39. Qd6 Qc6+ 40. Qxc6 bxc6 41. Bc1 a3 42. bxa3 Rb3 43. Bd2 Rxa3 44. Kg1 Ra2 45. Kf2 c5 46. Rd6 Kf7 47. Kg3 Ke7 48. h4 Kf7 49. h5 h6 50. Kh4 Ke7 51. Kg3 Kf7 52. Kf4 Ke7 53. Kg3 Bf7 54.
Kf4 Be6 55. Be3 Rc2 56. Bxc5 Rxc3 57. Rd3+ Kf7 58. Rxc3 1-0

[Event "Betsys MČR v online bleskovém šachu 2021"]
[Site "Chess.com"]
[Date "2021.04.17"]
[Round "1"]
[White "clarissamcclellan"]
[Black "BrunoT2"]
[Result "1-0"]
[WhiteElo "1986"]
[BlackElo "1190"]
[TimeControl "180+1"]
[EndTime "9:09:03 PDT"]
[Termination "Uživatel clarissamcclellan zvítězil matem"]

1. d4 d5 2. c4 e6 3. Nf3 Nc6 4.
g3 Nf6 5. Bg2 Bb4+ 6. Bd2 Bxd2+ 7.
Nbxd2 O-O 8. O-O b6 9. Rc1 Bb7 10. a3 a5 11. cxd5 Nxd5 12. Re1 Re8 13. e4 Nde7 14. Nc4 Ba6 15. Qd2 Bxc4 16. Rxc4 Na7 17. Rec1 Rc8 18. Qc2 c6 19. Rd1 b5 20. Rc3 a4 21. Ne5 f6 22. Nf3 Qb6 23. Bh3 Kf7 24. d5 cxd5 25. exd5 Rxc3 26. bxc3 exd5 27. Re1 Nec6 28.
Rxe8 Kxe8 29. Qxh7 Kf7 30. Qh5+ Kf8 31. Qxd5 Qd8 32. Qxd8+ Nxd8 33. Nd4 Ndc6 34. Nxc6 Nxc6 35. Bd7 Ne5 36. Bxb5 Nc4 37. Bxc4 Ke7 38. Bb5 Kd6 39. Bxa4 Kc5 40. Bb3 Kb6 41. f3 Ka6 42. Kg2 Kb6 43.
h4 Kc6 44. g4 Kb6 45. Kg3 Ka6 46. h5 Kb6 47. Kh4 Kc6 48. g5 fxg5+ 49. Kxg5 Kd7 50. Kg6 Ke7 51. Kxg7 Kd6 52. h6 Kc6 53. h7 Kb6 54. h8=Q Kb7 55. Qd8 Kc6 56. Qd5+ Kb6 57. Qd4+ Ka6 58.
Bc4+ Kb7 59. Qd5+ Kb8 60. Qd6+ Kb7 61. Bd5+ Kc8 62. Be6+ Kb7 63. a4 Ka8 64. a5 Kb7 65. Qb6+ Ka8 66. Bd5# 1-0

[Event "Betsys MČR v online bleskovém šachu 2021"]
[Site "Chess.com"]
[Date "2021.04.17"]
[Round "1"]
[White "JaraLinhart"]
[Black "Petroniuss"]
[Result "0-1"]
[WhiteElo "1677"]
[BlackElo "2328"]
[TimeControl "180+1"]
[EndTime "9:09:06 PDT"]
[Termination "Uživatel Petroniuss zvítězil na čas"]

1. e4 c5 2. Nf3 a6 3. c3 e6 4.
d4 d5 5. exd5 exd5 6. Be2 Nc6 7.
O-O Bd6 8. Be3 c4 9. Nbd2 Nge7 10. b3 b5 11. a4 Bf5 12. Nh4 Bg6 13. Nxg6 hxg6 14.
h3 O-O 15. Bf3 Qc7 16. Qc2 Bf4 17. Qa2 Bxe3 18. fxe3 Nf5 19. Bxd5 Nxe3 20. Bxc6 Qxc6 21. Rf2 cxb3 22. Qxb3 Nc4 23. Nxc4 bxc4 24. Qd1 f5 25. Qf3 Qxf3 26. Rxf3 Rab8 27. Rg3 Kf7 28. Re1 Rfe8 29. Rge3 Rxe3 30. Rxe3 Rb2 31. Re5 Rc2 32. Ra5 Rxc3 33.
Rxa6 Rd3 34. Rd6 c3 35. Rc6 Rxd4 36. Rxc3 Rxa4 37. Rf3 Kf6 38. Kh2 Ra2 39. Kg3 g5 40. Rb3 Ra6 41. Rb7 Re6 42. Rb5 g6 43. h4 gxh4+ 44.
Kxh4 Re4+ 45. Kg3 Kg5 46. Rb6 Re3+ 47. Kf2 Rc3 48. Rd6 Rc8 49. Rb6 Rf8 50. Rd6 Rf6 51. Rd7 Ra6 52. Kf3 Ra3+ 53. Kf2 Kg4 54. Rd6 Ra2+ 55.
Kf1 g5 56. Rd4+ f4 57. Rd3 Ra5 58. Rb3 Re5 59. Rf3 Re3 0-1

[Event "Betsys MČR v online bleskovém šachu 2021"]
[Site "Chess.com"]
[Date "2021.04.17"]
[Round "1"]
[White "Sunnika"]
[Black "mendryxchess"]
[Result "0-1"]
[WhiteElo "2314"]
[BlackElo "1738"]
[TimeControl "180+1"]
[EndTime "9:09:08 PDT"]
[Termination "Uživatel mendryxchess zvítězil po vzdání soupeře"]

1. d4 Nf6 2. Nf3 e6 3. Bf4 d5 4.
e3 c5 5. Nbd2 Nc6 6. c3 Bd6 7.
Bg3 O-O 8. Bd3 Re8 9. Ne5 Bxe5 10. dxe5 Nd7 11. f4 c4 12. Bc2 Qb6 13. O-O Qxb2 14. Rc1 g6 15. e4 Nb6 16. Nf3 Qxc3 17. exd5 exd5 18. Bxg6 Qa3 19. Bb1 Bg4 20. Qc2 Qe3+ 21. Qf2 Qxf2+ 22. Rxf2 d4 23. Be4 Red8 24. Ng5 h6 25.
Nh7 Be6 26. Nf6+ Kg7 27. f5 Bd5 28. Nxd5 Nxd5 29. Rxc4 Ne3 30. Rc1 Rac8 31. f6+ Kf8 32. Bf4 h5 33. Bh6+ Ke8 34. e6 Ne5 35. Rxc8 Rxc8 36. exf7+ Kxf7 37. h3 Rc1+ 38. Kh2 Nf1+ 39. Rxf1 Rxf1 40. Bg5 d3 41. Bd5+ Ke8 42. f7+ Nxf7 43.
Bc4 Rd1 44. Kg3 Nxg5 45. Kf2 Ne4+ 46. Ke3 Nc5 47. Kd4 Nd7 48. Bxd3 Rxd3+ 49. Kxd3 Ke7 50. Ke4 Ke6 51. Kf4 Kf6 52. g4 hxg4 53. Kxg4 b5 54. h4 a5 55. Kf4 b4 56. Ke3 a4 57. Kd3 Nb6 58. Kd4 Kf5 59. h5 Kg5 60. Kc5 b3 61. axb3 axb3 62. Kxb6 Kxh5 63. Kc5 b2 64. Kd4 b1=Q 0-1

[Event "Betsys MČR v online bleskovém šachu 2021"]
[Site "Chess.com"]
[Date "2021.04.17"]
[Round "1"]
[White "sachistamartin"]
[Black "PremetFugas"]
[Result "0-1"]
[WhiteElo "1449"]
[BlackElo "2112"]
[TimeControl "180+1"]
[EndTime "9:09:14 PDT"]
[Termination "Uživatel PremetFugas zvítězil matem"]

1. c4 e5 2. Nc3 Bb4 3. Nf3 Nc6 4. d3 Nf6 5. Bd2 O-O 6. g3 d6 7. Bg2 h6 8. a3 Ba5 9. b4 Bb6 10. O-O Be6 11. Rc1 a5 12. b5 Ne7 13. Ne1 c6 14. a4 d5 15. Qc2 dxc4 16. Ne4 Nxe4 17. Bxe4 f5 18. Bg2 cxd3 19. Nxd3 Qd6 20. Rfd1 Rac8 21.
Qc3 e4 22. Nf4 Nd5 23. Nxd5 cxd5 24. Bf4 Qd7 25. Qe5 g5 26. Bd2 Bc7 27. Qd4 Qg7 28. Bc3 Qxd4 29. Bxd4 Bd6 30. e3 Rxc1 31. Rxc1 Rc8 32. Rxc8+ Bxc8 33. f3 Kf7 34. Kf2 Bb4 35. f4 gxf4 36. gxf4 Bd7 37. Ke2 Ke6 38. h4 Be8 39.
Bg7 Be7 40. Be5 Bxh4 41. Bh3 Bh5+ 42. Kd2 Bd8 43. Bg7 Bg4 44. Bf1 h5 45. Kc3 h4 46.
Kd4 Bb6+ 47. Kc3 Bxe3 48. Bg2 h3 49. Bxh3 Bxh3 50. Kc2 Bg2 51. Kd1 Bxf4 52. Ke2 Bf3+ 53. Kf2 Bg4 54. Bd4 e3+ 55. Bxe3 Bxe3+ 56. Kxe3 Bd1 57.
Kd4 Bxa4 58. Kc5 Bxb5 59. Kb6 f4 60. Kxb5 f3 61. Kxa5 f2 62. Kb6 f1=Q 63. Kxb7 Qc1 64.
Kb6 d4 65. Kb5 d3 66. Kb4 Qc2 67. Kb5 d2 68. Kb6 d1=Q 69. Kb7 Qdb1+ 70. Ka6 Qca2# 0-1

[Event "Betsys MČR v online bleskovém šachu 2021"]
[Site "Chess.com"]
[Date "2021.04.17"]
[Round "1"]
[White "BRNOTEACHER"]
[Black "Koli05"]
[Result "1-0"]
[WhiteElo "2373"]
[BlackElo "1726"]
[TimeControl "180+1"]
[EndTime "9:09:22 PDT"]
[Termination "Uživatel BRNOTEACHER zvítězil na čas"]

1. d4 d5 2. c4 e6 3. Nc3 c5 4. cxd5 exd5 5. Nf3 Nc6 6. g3 Nf6 7. Bg2 cxd4 8. Nxd4 Bc5 9. Nb3 Bb6 10. O-O O-O 11. Nxd5 Nxd5 12. Qxd5 Qxd5 13. Bxd5 Bh3 14.
Bg2 Bg4 15. e3 a5 16. Nd2 Rad8 17. h3 Bh5 18. b3 Nb4 19. Nc4 Nc2 20. Nxb6 Nxa1 21.
Ba3 Nc2 22. Bxf8 Kxf8 23. Bxb7 Nb4 24. a3 Nc2 25. Nc4 Be2 26. Rc1 Bxc4 27. Rxc2 Bxb3 28.
Rc8 Rxc8 29. Bxc8 Ke7 30. Kf1 Kd6 31. Ke2 Kc5 32. Kd3 Bd1 33. e4 Ba4 34. f4 Bc6 35.
Bg4 Kb5 36. Bd1 Kc5 37. h4 Bb5+ 38. Kc3 Bc6 39. Bb3 Bxe4 40. Bxf7 Bf5 41. Be8 Be6 42. Bh5 Bf5 43. Bf3 Be6 44. g4 h6 45.
f5 Bf7 46. Be4 Be8 47. g5 hxg5 48. hxg5 Bf7 49. Bc2 Bd5 50. Bb3 Be4 51. f6 gxf6 52.
gxf6 Bg6 53. f7 Bxf7 54. Bxf7 Kb5 55. Be8+ Kc5 56. Kb3 Kb6 57. Ka4 Ka6 58. Bh5 Kb6 59. Be2 Kc5 60. Bf1 Kc6 61. Kxa5 Kb7 62. a4 Ka7 63. Be2 Kb8 64. Kb5 Kb7 65. a5 Ka7 66. a6 Kb8 67. Ka5 Ka7 68. Bf3 Kb8 69. Kb6 Kc8 70. a7 1-0

[Event "Betsys MČR v online bleskovém šachu 2021"]
[Site "Chess.com"]
[Date "2021.04.17"]
[Round "1"]
[White "SanyH"]
[Black "DavidekIII"]
[Result "1/2-1/2"]
[WhiteElo "1617"]
[BlackElo "2210"]
[TimeControl "180+1"]
[EndTime "9:09:22 PDT"]
[Termination "Remíza opakováním pozice"]

1. e4 c6 2. d4 d5 3. exd5 cxd5 4.
Nf3 Nf6 5. Bd3 Nc6 6. O-O Bg4 7. c3 e6 8. Bg5 Be7 9. Nbd2 O-O 10. Qc2 h6 11.
Bh4 Qc7 12. Rae1 Bxf3 13. Nxf3 Rac8 14. Qd2 Ne8 15. Bg3 Bd6 16. Ne5 Nxe5 17. dxe5 Bc5 18.
Qf4 Qe7 19. Kh1 Qg5 20. Qf3 a6 21. Bf4 Qh4 22. Bg3 Qa4 23. a3 Nc7 24. Bf4 Be7 25.
Qg3 Kh8 26. Be3 Nb5 27. Qh3 Kg8 28. Qg3 Kh8 29. Qh3 Kg8 30. Bxh6 g6 31. Bxf8 Bxf8 32. Qg3 Bg7 33. Qg5 Qb3 34. Re2 Nc7 35. Qe7 b5 36. f4 Ne8 37. Qd7 Ra8 38. Qe7 Rb8 39. Qh4 Bf8 40.
Qg5 Bg7 41. h4 b4 42. axb4 a5 43. bxa5 Qa4 44. h5 Rc8 45. hxg6 fxg6 46. Qxg6 Qxa5 47. Qh7+ Kf8 48. Bg6 Qc7 49. Qh3 Ke7 50. Bxe8 Rxe8 51. Qh4+ Kf7 52. Qh5+ Ke7 53. Rf3 Rh8 54. Qxh8 Bxh8 55.
Rh3 Bg7 56. Rh7 Kf8 57. Re3 Qc5 58. Rg3 Qf2 59. Rgxg7 Qf1+ 60. Kh2 Qxf4+ 61. Kh1 Qf1+ 62. Kh2 Qf4+ 63. Kh1 Qc1+ 64. Kh2 Qf4+ 1/2-1/2

[Event "Betsys MČR v online bleskovém šachu 2021"]
[Site "Chess.com"]
[Date "2021.04.17"]
[Round "1"]
[White "Innerz98"]
[Black "Klokan64"]
[Result "1-0"]
[WhiteElo "2105"]
[BlackElo "1429"]
[TimeControl "180+1"]
[EndTime "9:09:27 PDT"]
[Termination "Uživatel Innerz98 zvítězil po vzdání soupeře"]

1. d4 d6 2. Bf4 Nf6 3. e3 c6 4. Nf3 Bg4 5. Be2 e6 6. c4 Be7 7. Nc3 O-O 8. O-O Re8 9. h3 Bh5 10. Rc1 d5 11. Ne5 Bxe2 12. Qxe2 Nbd7 13. Nf3 Ne4 14.
Nxe4 dxe4 15. Nd2 f5 16. Rfd1 Bg5 17. Bh2 Qe7 18. a3 a5 19. Nb3 a4 20. Na1 Qf6 21.
Nc2 e5 22. dxe5 Nxe5 23. Nb4 f4 24. exf4 Bxf4 25. Qxe4 Bxc1 26. Rxc1 Ng6 27. Qg4 Qxb2 28. Rd1 Qxa3 29. Nd3 Qc3 30. h4 a3 31. h5 a2 32.
hxg6 hxg6 33. Be5 Qxe5 34. Nxe5 a1=Q 35. Rxa1 Rxa1+ 36. Kh2 Rxe5 37. Qc8+ Kf7 38. Qxb7+ Re7 39. Qxc6 Rae1 40. Qd5+ R1e6 41. c5 g5 42. c6 Rc7 43. Qf5+ Ke7 44. Qxg5+ Kd6 45. Qf4+ Kxc6 46. Qc4+ Kd7 47. Qd4+ Ke7 48. Qxg7+ Kd6 49. Qd4+ Ke7 50. g3 Rh6+ 51. Kg2 Rd7 52. Qe3+ Re6 53. Qg5+ Kd6 54. f4 Re2+ 55. Kf3 Re6 56. Qb5 Rf7 57. g4 Ke7 58. f5 Rd6 59. Qe5+ Kd7 60. g5 Re7 61. Qb5+ Kd8 62. f6 Rf7 63. Qb8+ Kd7 64. Qb5+ Ke6 65. Qe2+ Kd7 66. Qe5 Re6 67. Qd5+ Rd6 68.
Qxf7+ Kc6 69. Qe7 Rd7 70. Qe8 Kd6 71. Qxd7+ 1-0

[Event "Betsys MČR v online bleskovém šachu 2021"]
[Site "Chess.com"]
[Date "2021.04.17"]
[Round "1"]
[White "svTomas"]
[Black "Akdub"]
[Result "0-1"]
[WhiteElo "1398"]
[BlackElo "2094"]
[TimeControl "180+1"]
[EndTime "9:09:33 PDT"]
[Termination "Uživatel Akdub zvítězil matem"]

1. d4 e6 2. Bf4 Nf6 3. e3 Be7 4. Bd3 O-O 5. Ne2 c5 6. c3 Nc6 7. O-O d6 8. Qc2 h6 9. a3 b6 10. Bb5 Bb7 11. Nd2 Rc8 12. Rad1 cxd4 13. exd4 Qc7 14. Qa4 Rfd8 15. Rfe1 Nh5 16. Bg3 Nxg3 17. Nxg3 d5 18. Nf3 Bd6 19. Bxc6 Bxc6 20. Qc2 a5 21.
Ne5 Be8 22. Qd3 b5 23. Qf3 b4 24. axb4 axb4 25. Rc1 Qb7 26. Ne2 Bxe5 27. dxe5 bxc3 28. bxc3 Rc4 29. Nd4 Qc7 30. Qg3 Rc8 31. Re3 Rxd4 32.
Rb1 Re4 33. Rd3 Qxe5 34. Qxe5 Rxe5 35. h3 Re2 36. Rb7 Rc2 37. Rb3 f6 38. g4 Bf7 39.
Kg2 e5 40. Ra3 e4 41. Re3 Be6 42. Kg3 Rc7 43. Ra6 Kf7 44. Ra8 g6 45. f3 f5 46.
fxe4 fxe4 47. Kf4 Kf6 48. h4 Bf7 49. g5+ hxg5+ 50. hxg5+ Ke7 51. Ke5 R2xc3 52. Kd4 Rxe3 53. Kxe3 Rc3+ 54. Kd4 Rd3+ 55. Ke5 e3 56. Ra7+ Ke8 57.
Kf6 e2 58. Rxf7 e1=Q 59. Kxg6 Qe6+ 60. Rf6 Qxf6+ 61. Kxf6 Rg3 62. Ke5 Rxg5+ 63. Kd4 Rh5 64. Kd3 Kd7 65. Kd4 Kd6 66. Kd3 Rh4 67. Ke3 Ke5 68. Kd3 d4 69. Kd2 Kd5 70. Kd3 Rh3+ 71. Kd2 Ke4 72. Ke2 Rh2+ 73. Kd1 Ke3 74. Kc1 d3 75. Kd1 Rh1# 0-1

[Event "Betsys MČR v online bleskovém šachu 2021"]
[Site "Chess.com"]
[Date "2021.04.17"]
[Round "1"]
[White "vasekpaulus"]
[Black "Sfreedom01"]
[Result "1-0"]
[WhiteElo "2061"]
[BlackElo "1334"]
[TimeControl "180+1"]
[EndTime "9:10:07 PDT"]
[Termination "Uživatel vasekpaulus zvítězil matem"]

1. e4 e5 2. Nf3 Nc6 3. Bb5 d6 4. O-O Bd7 5. c3 a6 6. Ba4 Nf6 7. Bc2 Be7 8. h3 b5 9. Re1 O-O 10.
d4 h6 11. Nbd2 exd4 12. cxd4 d5 13. e5 Nh7 14. Nf1 Re8 15. a3 f6 16. Qd3 f5 17. e6 Bf6 18. Qxf5 Ng5 19. Nxg5 Bxg5 20. Qh7+ Kf8 21. Qh8+ Ke7 22. exd7+ Kxd7 23. Qxe8+ Qxe8 24.
Rxe8 Rxe8 25. Bxg5 hxg5 26. Rd1 Re2 27. Bf5+ Kd6 28. b4 a5 29. bxa5 Nxa5 30. Rb1 c6 31.
Ne3 Nc4 32. Nxc4+ dxc4 33. Kf1 Rd2 34. Ke1 Ra2 35. Be4 Rxa3 36. Bf3 Ra2 37. g3 Ra3 38. Ke2 Ra2+ 39. Ke1 c3 40. Rc1 c2 41. Kd2 Ra3 42.
Be2 Kd5 43. Rxc2 Kxd4 44. Rxc6 Ra2+ 45. Rc2 Ra3 46. Rb2 Ra5 47. Rxb5 Ra2+ 48. Ke1 Ra1+ 49. Bd1 Kd3 50. Rxg5 Ra7 51. Rd5+ Kc4 52. Rd2 Kc3 53. Re2 Kd4 54. Kf1 Ra1 55. Ke1 Ra7 56. f4 Ra1 57. Rd2+ Ke4 58. Ke2 Kf5 59. Bc2+ Kf6 60. Rd6+ Kf7 61.
Rd2 Ra7 62. Kf3 Kg8 63. Be4 Kf8 64. Kg4 Ra3 65. Rd5 Ra4 66. Rf5+ Ke7 67. Bd5 Ra3 68. Bg8 Kd6 69. Rf7 Kc6 70. Rxg7 Kd6 71. Rg6+ Ke7 72. f5 Ra5 73. Kg5 Kf8 74. Be6 Ke7 75. Rg7+ Kd6 76.
h4 Kc5 77. h5 Kd4 78. h6 Ke4 79. h7 Re5 80. h8=Q Ra5 81. Qh4+ Ke5 82. Qf4# 1-0

[Event "Betsys MČR v online bleskovém šachu 2021"]
[Site "Chess.com"]
[Date "2021.04.17"]
[Round "2"]
[White "Krtecci"]
[Black "WhiteLittleHorse"]
[Result "1-0"]
[WhiteElo "2106"]
[BlackElo "961"]
[TimeControl "180+1"]
[EndTime "9:11:40 PDT"]
[Termination "Uživatel Krtecci zvítězil matem"]

1. e4 e5 2. Nf3 Nc6 3. d4 exd4 4.
Nxd4 Nxd4 5. Qxd4 c5 6. Qe3 d6 7. Nc3 b6 8. Bd2 Bb7 9. Bb5+ Ke7 10. Nd5+ Bxd5 11. exd5+ Kf6 12. Qg5# 1-0